 Dungeon Crawl Stone Soup version 0.28-a0-863-g8cecda6153 (webtiles) character file.

Game seed: 3472911077756066720

2547 Htamos the Covert (level 9, -4/40 HPs)
             Began as a Spriggan Enchanter on Nov 17, 2021.
             Was an Initiate of Dithmenos.
             Slain by Joseph (14 damage)
             ... on level 7 of the Dungeon.
             The game lasted 00:27:09 (9762 turns).

Htamos the Covert (Spriggan Enchanter)              Turns: 9762, Time: 00:27:09

Health: -4/40      AC:  6    Str:  4    XL:     9   Next: 30%
Magic:  6/19       EV: 20    Int: 19    God:    Dithmenos [......]
Gold:   128        SH:  5    Dex: 16    Spells: 14/20 levels left

rFire   . . .      SeeInvis +   a - +2 dagger
rCold   . . .      Faith    .   (shield restricted)
rNeg    . . .      Spirit   .   b - +1 robe
rPois   .          Reflect  +   (helmet restricted)
rElec   .          Harm     .   g - +0 cloak
rCorr   .          Rampage  .   (gloves unavailable)
Will    +....                   (boots unavailable)
Stlth   ++++......              j - amulet of reflection
HPRegen 0.13/turn               (no ring)
MPRegen 0.16/turn               (no ring)

@: studying Necromancy, very quick
A: very small, no large weapons, unfitting armour, see invisible, speed 3, horns
1, iridescent scales 1, sense surroundings 1, subdued magic 1
a: Renounce Religion


You were on level 7 of the Dungeon.
You worshipped Dithmenos.
Dithmenos was noncommittal.
You visited 2 branches of the dungeon, and saw 8 of its levels.

You collected 328 gold pieces.
You spent 200 gold pieces at shops.

Inventory:

Hand Weapons
 a - a +2 dagger (weapon)
Missiles
 d - 236 stones (quivered)
 k - 88 sling bullets
Armour
 b - a +1 robe (worn)
 g - a +0 cloak (worn)
 r - +0 steam dragon scales
Jewellery
 j - an amulet of reflection (around neck)
Wands
 e - a wand of polymorph (12)
 n - a wand of digging (4)
 q - a wand of flame (21)
Scrolls
 h - a scroll of amnesia
 m - a scroll of magic mapping {unknown}
 o - 2 scrolls of teleportation
 p - 2 scrolls of identify {@rr}
Potions
 c - a potion of haste
 f - a potion of cancellation
 i - a potion of curing {@qc}
 l - a potion of resistance {unknown}


   Skills:
 + Level 0.6 Fighting
 + Level 5.1 Short Blades
 + Level 6.6 Dodging
 + Level 8.5 Stealth
 + Level 6.2 Spellcasting
 + Level 1.9 Conjurations
 + Level 6.8 Hexes
 + Level 1.3 Necromancy
 + Level 3.4 Ice Magic
 + Level 5.0 Evocations


You had 14 spell levels left.
You knew the following spells:

 Your Spells              Type           Power      Damage    Failure   Level
a - Ensorcelled Hibernat  Hex/Ice        38%        N/A       1%          2
b - Fulminant Prism       Conj/Hex       8%         3d7       16%         4

Your spell library contained the following spells:

 Spells                   Type           Power      Damage    Failure   Level
 Confusing Touch          Hex            24%        N/A       1%          3
 Tukima's Dance           Hex            24%        N/A       1%          3
 Magic Dart               Conj           40%        1d5       3%          1
 Dazzling Flash           Conj/Hex       34%        N/A       4%          3
 Searing Ray              Conj           20%        2d5       6%          2


Dungeon Overview and Level Annotations

Branches:
Dungeon (7/15)             Temple (1/1) D:7

Altars:
Ashenzari
Dithmenos
Fedhas
Gozag
Hepliaklqana
Kikubaaqudgha
Makhleb
Nemelex Xobeh
Qazlal
Ru
Sif Muna
Trog
Vehumet
Wu Jian
Xom
Zin
The Shining One

Shops:
D:4 :   D:6 =

Annotations:
D:7 Joseph


Innate Abilities, Weirdness & Mutations

You are very small and have problems with some larger weapons.
You are too small for most types of armour.
You have supernaturally acute eyesight. (SInv)
You cover ground extremely quickly. (Speed+++)
You have a pair of small horns on your head.
You are partially covered in iridescent scales. (AC +2)
You passively map a small area around you.
Your spells are a little easier to cast, but a little less powerful.


Message History

Confirm with . or Enter, or press ? or * to list all spells.
Aiming: Ensorcelled Hibernation (safe; 1% risk of failure)
Press: ? - help, Shift-Dir - straight line, f/p - Joseph
Aim: Joseph, wielding a +3 quarterstaff, wearing a +0 ring mail and quivering sling bullets (severely wounded, chance to affect: 32%) Joseph easily resists.
Joseph hits you with a +3 quarterstaff!
Casting: Ensorcelled Hibernation (safe; 1% risk of failure)
Confirm with . or Enter, or press ? or * to list all spells.
Aiming: Ensorcelled Hibernation (safe; 1% risk of failure)
Press: ? - help, Shift-Dir - straight line, f/p - Joseph
Aim: Joseph, wielding a +3 quarterstaff, wearing a +0 ring mail and quivering sling bullets (severely wounded, chance to affect: 32%) Joseph easily resists.
Joseph hits you with a +3 quarterstaff!
Casting: Ensorcelled Hibernation (safe; 1% risk of failure)
Confirm with . or Enter, or press ? or * to list all spells.
Aiming: Ensorcelled Hibernation (safe; 1% risk of failure)
Press: ? - help, Shift-Dir - straight line, f/p - Joseph
Aim: Joseph, wielding a +3 quarterstaff, wearing a +0 ring mail and quivering sling bullets (severely wounded, chance to affect: 32%) Joseph easily resists.
You block Joseph's attack.
Casting: Ensorcelled Hibernation (safe; 1% risk of failure)
Confirm with . or Enter, or press ? or * to list all spells.
Aiming: Ensorcelled Hibernation (safe; 1% risk of failure)
Press: ? - help, Shift-Dir - straight line, f/p - Joseph
Aim: Joseph, wielding a +3 quarterstaff, wearing a +0 ring mail and quivering sling bullets (severely wounded, chance to affect: 32%) Joseph easily resists.
Joseph shouts, "At last, some action!"
Joseph closely misses you.
Casting: Ensorcelled Hibernation (safe; 1% risk of failure)
Confirm with . or Enter, or press ? or * to list all spells.
Aiming: Ensorcelled Hibernation (safe; 1% risk of failure)
Press: ? - help, Shift-Dir - straight line, f/p - Joseph
Aim: Joseph, wielding a +3 quarterstaff, wearing a +0 ring mail and quivering sling bullets (severely wounded, chance to affect: 32%) Joseph easily resists.
Joseph hits you with a +3 quarterstaff!
* * * LOW HITPOINT WARNING * * *
Unknown command.
Casting: Ensorcelled Hibernation (safe; 1% risk of failure)
Confirm with . or Enter, or press ? or * to list all spells.
Aiming: Ensorcelled Hibernation (safe; 1% risk of failure)
Press: ? - help, Shift-Dir - straight line, f/p - Joseph
Aim: Joseph, wielding a +3 quarterstaff, wearing a +0 ring mail and quivering sling bullets (severely wounded, chance to affect: 32%) Joseph easily resists.
Joseph hits you with a +3 quarterstaff!
You die...

, , * * * * ###############
#......@....... ,, #.#
#.@....... * #.# #.#####.##
#.# #...# , * #.# #.### *
#######.####.#####.##.........
.......>......................
#....†............##.........
#######.###.##...............
#.....# ...............


You could see Joseph.

Vanquished Creatures
  A yak (D:6)
  A human (D:4)
  2 steam dragons (D:7)
  A water moccasin (D:7)
  2 ogres (D:5)
  2 sky beasts (D:6)
  A black bear (D:7)
  2 centaurs
  A phantom (D:4)
  A bullfrog (D:7)
  A gnoll sergeant (D:6)
  A water moccasin zombie (D:6)
  A howler monkey (D:4)
  2 bullfrog zombies
  A hound (D:7)
  3 jellies
  4 orc priests
  Crazy Yiuf (D:2)
  2 bullfrog skeletons (D:5)
  A gnoll shaman (D:5)
  Terence (D:2)
  An iguana (D:4)
  5 orc wizards
  A scorpion zombie (D:5)
  2 hound skeletons (D:5)
  A howler monkey zombie (D:6)
  14 gnolls
  A howler monkey skeleton (D:7)
  6 adders
  3 white imps
  An ufetubus (D:3)
  An adder skeleton (D:5)
  4 worms
  3 dart slugs (D:2)
  19 orcs
  11 ball pythons
  7 endoplasms
  3 giant cockroaches
  8 goblins
  3 hobgoblins
  12 jackals
  3 quokkas
  4 bats
  4 frilled lizards
  8 kobolds
  3 rats
160 creatures vanquished.

Vanquished Creatures (others)
  A bush (D:5)
  5 plants (D:5)
6 creatures vanquished.

Grand Total: 166 creatures vanquished

Notes
Turn   | Place    | Note
-------+----------+-------------------------------------------
     0 | D:1      | Htamos the Spriggan Enchanter began the quest for the Orb.
     0 | D:1      | Reached XP level 1. HP: 9/9 MP: 5/5
   205 | D:2      | Noticed Terence
   624 | D:1      | Reached XP level 2. HP: 10/13 MP: 6/6
   627 | D:1      | Learned a level 2 spell: Ensorcelled Hibernation
  1141 | D:1      | Reached XP level 3. HP: 15/16 MP: 5/8
  1512 | D:1      | Found a faded altar of an unknown god.
  1519 | D:1      | Reached skill level 5 in Stealth
  2149 | D:2      | Reached XP level 4. HP: 17/21 MP: 0/10
  2710 | D:2      | Killed Terence
  2775 | D:2      | Found a runed translucent door.
  2776 | D:2      | Noticed Crazy Yiuf
  2834 | D:2      | Killed Crazy Yiuf
  3010 | D:3      | Reached XP level 5. HP: 24/24 MP: 11/11
  3202 | D:3      | You fall into a shaft and drop 3 floors!
  3202 | D:6      | Noticed a centaur
  3203 | D:6      | Noticed a yak
  3205 | D:6      | Killed a centaur
  3206 | D:6      | Reached skill level 6 in Stealth
  3206 | D:6      | Reached skill level 1 in Ice Magic
  3221 | D:6      | Noticed a sky beast
  3230 | D:6      | Found Heehot's Jewellery Emporium.
  3283 | D:6      | Reached XP level 6. HP: 28/28 MP: 13/13
  3311 | D:6      | Noticed an ice beast
  3365 | D:5      | Entered Level 5 of the Dungeon
  3599 | D:5      | Found an opulent altar of Gozag.
  3636 | D:5      | Reached skill level 1 in Evocations
  3878 | D:3      | Gained mutation: Your spells are a little easier to cast,
                  | but a little less powerful. [potion of mutation]
  3878 | D:3      | Gained mutation: You passively map a small area around you.
                  | [potion of mutation]
  3878 | D:3      | Gained mutation: You have hidden genetic potential. [potion
                  | of mutation]
  3882 | D:3      | Reached skill level 5 in Hexes
  4351 | D:3      | Reached XP level 7. HP: 32/32 MP: 5/14
  4850 | D:3      | Found a sparkling altar of Nemelex Xobeh.
  5229 | D:4      | Found an ancient bone altar of Kikubaaqudgha.
  5343 | D:4      | Found Qixt's Book Shoppe.
  5477 | D:4      | Noticed Pikel
  5517 | D:4      | Noticed Pikel
  5517 | D:4      | Pikel changed into Pikel the human
  5570 | D:4      | Killed Pikel the human
  5571 | D:4      | Reached skill level 5 in Dodging
  5586 | D:4      | Gained mutation: You have a pair of small horns on your
                  | head. [hidden potential]
  5906 | D:5      | Reached skill level 7 in Stealth
  6397 | D:4      | Reached skill level 5 in Spellcasting
  6681 | D:4      | Bought a book of Conjurations for 200 gold pieces
  6686 | D:4      | Learned a level 4 spell: Fulminant Prism
  6896 | D:5      | Reached XP level 8. HP: 32/36 MP: 13/16
  7632 | D:5      | Gained mutation: You are partially covered in iridescent
                  | scales. (AC +2) [hidden potential]
  7632 | D:5      | Lost mutation: You have hidden genetic potential. [hidden
                  | potential expressed]
  8143 | D:6      | Reached skill level 1 in Conjurations
  8482 | D:5      | Reached skill level 8 in Stealth
  8878 | D:6      | Reached XP level 9. HP: 35/39 MP: 10/18
  9065 | D:6      | Found a glowing golden altar of the Shining One.
  9076 | D:6      | Found a shimmering blue altar of Sif Muna.
  9076 | D:6      | Found a hazy altar of Hepliaklqana.
  9076 | D:6      | Found a stormy altar of Qazlal.
  9077 | D:6      | Found a bloodstained altar of Trog.
  9322 | D:7      | Found a staircase to the Ecumenical Temple.
  9331 | Temple   | Entered the Ecumenical Temple
  9375 | Temple   | Became a worshipper of Dithmenos the Shadowed
  9544 | D:7      | Reached skill level 5 in Short Blades
  9610 | D:7      | Reached skill level 1 in Necromancy
  9713 | D:7      | Reached skill level 5 in Evocations
  9749 | D:7      | Noticed Joseph
  9762 | D:7      | Slain by Joseph

Illustrated notes

Levels and vault maps discovered:
D:1:      minmay_arrival_shattered_statue, layout_loops_ring,
          dreamdust_ecumenical_altar_statues
D:2:      minmay_evil_eye, layout_loops_ring, uniq_crazy_yiuf_cottage,
          uniq_terence
D:3:      layout_basic, nemelex_dance_club_becter, st_stairs_14
D:4:      layout_basic, kiku_gazebo_garden_becter, serial_shops,
          nicolae_shop_window_shopping, uniq_pikel
D:5:      layout_basic, nicolae_gozag_seed_capital, kb_lookout_dungeons_type,
          serial_bayou_ford_a
D:6:      layout_cave_pools, minitemple, gup_sewer_entry_bowl, serial_shops,
          nicolae_take_the_stairs, minmay_manual_mail
D:7:      layout_basic, slow_altar_1, minmay_temple_entry_mist,
          serial_corexii_hall, chequers_hall_statues_wall_a,
          corexii_hall_statues_i, corexii_hall_statues_l, uniq_joseph
Temple:   jpeg_temple_island

Skill      XL: |  1  2  3  4  5  6  7  8  9 |
---------------+----------------------------+-----
Dodging        | 3 4 5 6 |  6.6
Spellcasting   | 3 4 5 6 |  6.2
Hexes          | 4 5 6 |  6.8
Stealth        | 5 6 7 8 |  8.5
Short Blades   | 2 3 4 5 |  5.1
Ice Magic      | 1 2 3 |  3.4
Evocations     | 1 3 4 5 |  5.0
Conjurations   | 1 |  1.9
Necromancy     | 1 |  1.3
Fighting       | |  0.6

Action                   |  1- 3 |  4- 6 |  7- 9 || total
-------------------------+-------+-------+-------++-------
Melee: Dagger            |   104 |    83 |   273 ||   460
       Headbutt          |       |       |    27 ||    27
Throw: Stone             |       |       |     4 ||     4
 Cast: Ensorcelled Hiber |    31 |    47 |   128 ||   206
Evoke: Wand              |       |       |     2 ||     2
  Use: Potion            |     1 |     4 |     4 ||     9
       Scroll            |       |     3 |     5 ||     8
 Stab: Sleeping          |    22 |    38 |    60 ||   120
       Invisible         |     2 |       |       ||     2
Armor: Robe              |     9 |     6 |    25 ||    40
Dodge: Dodged            |    89 |    44 |   162 ||   295
Block: Other             |       |    16 |    49 ||    65
       Reflection        |       |     1 |     2 ||     3

Table legend: (Time is in decaauts)
 A = Elapsed time spent in this place.
 B = Non-inter-level travel time spent in this place.
 C = Inter-level travel time spent in this place.
 D = Time resting spent in this place.
 E = Time spent auto-exploring this place.
 F = Levels seen in this place.
 G = Mean time per level.
                   A        B        C        D        E       F      G
               +--------+--------+--------+--------+--------+-----+--------+
         Total |   7684 |   7585 |     99 |    500 |   5189 |   8 |  960.5 |
       Dungeon |   7632 |   7556 |     76 |    500 |   5168 |   7 | 1090.3 |
        Temple |     51 |     28 |     23 |      0 |     20 |   1 |   51.0 |
               +--------+--------+--------+--------+--------+-----+--------+

Top non-repeatable levels by time:
     D:5: 2078 daAuts
     D:3: 1338 daAuts
     D:1: 1207 daAuts
     D:2: 1121 daAuts
     D:4: 845 daAuts
     D:6: 761 daAuts
     D:7: 279 daAuts
  Temple: 51 daAuts
